 Dungeon Crawl Stone Soup version 0.21.1-1-g345015f (webtiles) character file.

5833 tidbits the Nimble (level 10, 82/82 HPs)
             Began as a Gnoll Monk on Mar 10, 2018.
             Was an Elder of Cheibriados.
             Quit the game in a labyrinth.
             The game lasted 00:29:04 (2968 turns).

tidbits the Nimble (Gnoll Monk)                     Turns: 2968, Time: 00:29:04

Health: 82/82      AC:  8    Str: 23    XL:     10   Next: 80%
Magic:  18/18      EV: 17    Int: 25    God:    Cheibriados [****..]
Gold:   306        SH: 15    Dex: 26    Spells: 20/20 levels left

rFire    . . .     SeeInvis .   b - +0 dagger (curse)
rCold    . . .     Gourm    .   D - +3 shield {reflect}
rNeg     + . .     Faith    .   B - +0 ring mail
rPois    +         Spirit   .   (helmet restricted)
rElec    .         Reflect  +   (no cloak)
rCorr    .         Harm     .   G - +0 pair of gloves
MR       .....                  F - +0 pair of boots
Stlth    ++++......             (no amulet)
HPRegen  0.23/turn              C - ring of positive energy
MPRegen  0.16/turn              (no ring)

@: very slow
A: distributed training, antennae 1, fangs 1, poison resistance, strong nose
a: Bend Time, Temporal Distortion, Slouch, Renounce Religion


You were in a labyrinth.
You worshipped Cheibriados.
Cheibriados was greatly pleased with you.
You were hungry.

You visited 2 branches of the dungeon, and saw 12 of its levels.
You also visited: Labyrinth and Ossuary.

You collected 306 gold pieces.

Inventory:

Hand Weapons
 a - a +1 scimitar of protection
   (You found it on level 7 of the Dungeon)
 b - a cursed +0 dagger (weapon)
 h - a +0 hunting sling
 l - a +0 blowgun
 n - the +5 spear of Famine {pain, MR+ Int+3}
   (You found it on level 4 of the Dungeon)

   In the hands of one skilled in necromantic magic, it inflicts extra damage on
   living creatures.
   It affects your intelligence (+3).
   It affects your resistance to hostile enchantments.
 o - a +0 short sword
 p - a +0 war axe
Missiles
 g - 2 stones (quivered)
 s - 75 arrows
 P - 15 poisoned needles
Armour
 i - a +0 ring mail
 t - a +0 robe
 y - a -1 leather armour
 B - a +0 ring mail (worn)
 D - a +3 shield of reflection (worn)
   (You found it on level 9 of the Dungeon)
 F - a +0 pair of boots (worn)
 G - a +0 pair of gloves (worn)
Jewellery
 d - an uncursed ring of fire
   (You found it on level 1 of the Dungeon)
 x - an uncursed ring of fire
   (You found it on level 5 of the Dungeon)
 C - a ring of positive energy (left hand)
   (You found it on level 6 of the Dungeon)
Wands
 e - a wand of random effects (18)
 M - a wand of disintegration (4)
Scrolls
 f - 3 scrolls of blinking
 j - 4 scrolls of amnesia
 m - a scroll of immolation {unknown}
 u - a scroll of fog {unknown}
 v - a scroll of brand weapon
 w - a scroll of teleportation
 A - 2 scrolls of noise
 L - 2 scrolls of enchant weapon
 N - a scroll of random uselessness {unknown}
Potions
 q - a potion of magic {unknown}
 r - a potion of cancellation
 z - 2 potions of resistance
 E - 3 potions of heal wounds
 H - a potion of might
 I - 2 potions of curing
 J - a potion of degeneration
 K - a potion of ambrosia
 O - 2 potions of brilliance
Comestibles
 c - 8 rations


   Skills:
 + Level 8.6 Fighting
 + Level 8.6 Short Blades
 + Level 5.5 Long Blades
 + Level 5.5 Axes
 + Level 5.5 Maces & Flails
 + Level 5.5 Polearms
 + Level 5.5 Staves
 + Level 5.5 Slings
 + Level 5.5 Bows
 + Level 5.5 Crossbows
 + Level 5.5 Throwing
 + Level 5.5 Armour
 + Level 8.6 Dodging
 + Level 7.0 Stealth
 + Level 5.5 Shields
 + Level 5.5 Unarmed Combat
 + Level 5.5 Spellcasting
 + Level 4.5 Conjurations
 + Level 4.5 Hexes
 + Level 4.5 Charms
 + Level 4.5 Summonings
 + Level 4.5 Necromancy
 + Level 4.5 Translocations
 + Level 4.5 Transmutations
 + Level 4.5 Fire Magic
 + Level 4.5 Ice Magic
 + Level 4.5 Air Magic
 + Level 4.5 Earth Magic
 + Level 4.5 Poison Magic
 + Level 6.0 Invocations
 + Level 5.5 Evocations


You had 20 spell levels left.
You didn't know any spells.

Dungeon Overview and Level Annotations

Branches:
Dungeon (11/15)            Temple (1/1) D:6            Lair (0/6) D:10
    Orc: D:9-12

Altars:
Ashenzari
Cheibriados
Dithmenos
Elyvilon
Gozag
Hepliaklqana
Kikubaaqudgha
Nemelex Xobeh
Okawaru
Qazlal
Sif Muna
Trog
Uskayaw
Vehumet
Wu Jian
Xom
Yredelemnul
Zin
The Shining One

Annotations:
D:2 Jessica


Innate Abilities, Weirdness & Mutations

Your experience applies equally to all skills.
You have very sharp teeth.
Your uncanny sense of smell can sniff out nearby items.
You have a pair of small antennae on your head.
Your system is resistant to poisons. (rPois)


Message History

Unknown command.
You open the door.
A bullfrog comes into view.
There is an open door here.
A hound comes into view.
The hound barks!
The hound completely misses you. The hound barely misses you.
The hound closely misses you.
You puncture the hound! Your bite misses the hound.
The hound is heavily wounded.
You block the hound's attack.
You impale the hound!!
You kill the hound!
Cheibriados thoroughly appreciates the change of pace.
The bullfrog misses you. The bullfrog closely misses you.
You puncture the bullfrog! Your bite misses the bullfrog.
The bullfrog is moderately wounded.
You block the bullfrog's attack.
You puncture the bullfrog!
The bullfrog is almost dead.
The bullfrog closely misses you.
You puncture the bullfrog!
You kill the bullfrog!
Cheibriados thoroughly appreciates the change of pace.
You open the door.
There is an open door here.
Found a short fluorescent wand and a scroll of enchant weapon.
You feel a little less mighty now.
You hear the steady crackling of a distant melting archway.
You hear the frantic ticking of a very distant clock.
You see here a wand of random effects (18).
e - a wand of random effects (18)
You see here a scroll of enchant weapon.
L - 2 scrolls of enchant weapon (gained 1)
A centaur warrior skeleton comes into view.
There is an ornate altar of the Wu Jian Council here.
You see here 16 gold pieces.
You now have 306 gold pieces (gained 16).
Found a stone staircase leading up.
You hear the steady crackling of a very distant melting archway.
You hear the frantic ticking of a distant clock.
Found a potion of resistance.
A manticore comes into view.
A shadow imp comes into view. 2 yaks come into view.
The shadow imp shouts, "Give in, thou ducking dread-bolted minnow reeky!"
The yak bellows!
You hear a bellow!
The shadow imp gestures at you. Pain shoots through your body!
A yak comes into view.
A yak comes into view.
The yak bellows!
The shadow imp gestures at you. Pain shoots through your body!
You block the shadow imp's attack.
Found a labyrinth entrance.
Unknown command.
You can feel time thicken for a moment.
You kill the shadow imp!
Cheibriados appreciates the change of pace.
You feel somewhat more hungry.
You can no longer step out of the time flow.
Cheibriados lowers the support of your attributes as your movement quickens.
You block the yak's attack.
Unknown command.
You fail to use your ability.
You block the yak's attack.
Unknown command.
You can feel time thicken for a moment.
You kill the yak!
Cheibriados thoroughly appreciates the change of pace.
You kill the yak!
Cheibriados appreciates the change of pace.
Your Invocations skill increases to level 6!
You kill the yak!
Cheibriados appreciates the change of pace.
Your Stealth skill increases to level 7!
You are feeling hungry.
Cheibriados lowers the support of your attributes as your movement quickens.
You block the yak's attack.
You hit the yak. You bite the yak.
The yak is almost dead.
You completely miss the yak.
The yak is almost dead.
You block the yak's attack.
You barely miss the yak.
The yak is almost dead.
The yak closely misses you.
You hit the yak.
You kill the yak!
Cheibriados thoroughly appreciates the change of pace.
Things that are here:
a potion of resistance; a yak corpse
z - 2 potions of resistance (gained 1)
You hear the frantic ticking of a clock.
There is a labyrinth entrance here.
Beware, the minotaur awaits!
The world spins around you as you enter the gateway.
As you enter the labyrinth, previously moving walls settle noisily into place.
You hear the metallic echo of a distant snort before it fades into the rock.
You hear the creaking of ancient gears!
Unknown command.
Unknown command.
Are you sure you want to abandon this character and quit the game? (Confirm with "yes".)

.. .. .. . ...
###.##### # ## #
#.#. . . .#... #
. ###.### # # #.
#.# ..#... . # #
#. ##.# . ## #..
....#.#.. .. #
#####.#.###.# #
#.........@.#.#.
#####.#####.#####
.# ...# #.....#
###. #. .#.#####
#...# #.# .. .
#### ###. # # . .
# . .


There were no monsters in sight!

Vanquished Creatures
  A two-headed ogre (D:9)
  An ugly thing (D:10)
  A cyclops (D:9)
  A troll (D:10)
  A wyvern (D:9)
  5 yaks
  A hungry ghost (D:7)
  An orc warrior (D:5)
  2 sky beasts (D:5)
  3 ogres
  A wolf (D:10)
  2 big kobolds
  6 bullfrogs
  A wyvern zombie (D:10)
  A water moccasin zombie (D:7)
  6 killer bees (D:8)
  11 howler monkeys
  2 jellies
  An electric eel (D:10)
  3 crimson imps
  A quasit (D:8)
  A bullfrog zombie (D:5)
  2 orc priests (D:5)
  10 hounds
  A centaur skeleton (D:9)
  5 worker ants
  3 hound zombies (Ossuary)
  2 hound skeletons
  4 worker ant zombies
  18 mummies (Ossuary)
  11 adders
  3 shadow imps
  An ooze (D:3)
  2 adder skeletons
  2 adder zombies (Ossuary)
  3 leopard geckos
  16 orcs
  4 bats
  5 giant cockroaches
  3 goblins
  2 hobgoblins (D:1)
  3 jackals (D:5)
  A quokka (D:3)
  A ball python (D:4)
  4 frilled lizards
  A jackal skeleton (D:6)
  19 kobolds
  4 rats
183 creatures vanquished.

Vanquished Creatures (others)
  A withered plant (Ossuary)
1 creature vanquished.

Grand Total: 184 creatures vanquished

Notes
Turn   | Place    | Note
-------+----------+-------------------------------------------
     0 | D:1      | tidbits the Gnoll Monk began the quest for the Orb.
     0 | D:1      | Reached XP level 1. HP: 23/23 MP: 1/1
   138 | D:1      | Reached XP level 2. HP: 29/29 MP: 2/2
   320 | D:2      | Noticed Jessica
   329 | D:2      | Reached XP level 3. HP: 26/35 MP: 3/3
   375 | D:2      | Found a sparkling altar of Nemelex Xobeh.
   609 | D:3      | Reached skill level 1 in Invocations
   627 | D:3      | Reached skill level 1 in Long Blades
   627 | D:3      | Reached skill level 1 in Axes
   627 | D:3      | Reached skill level 1 in Maces & Flails
   627 | D:3      | Reached skill level 1 in Polearms
   627 | D:3      | Reached skill level 1 in Staves
   627 | D:3      | Reached skill level 1 in Slings
   627 | D:3      | Reached skill level 1 in Bows
   627 | D:3      | Reached skill level 1 in Crossbows
   627 | D:3      | Reached skill level 1 in Throwing
   627 | D:3      | Reached skill level 1 in Armour
   627 | D:3      | Reached skill level 1 in Shields
   627 | D:3      | Reached skill level 1 in Unarmed Combat
   627 | D:3      | Reached skill level 1 in Spellcasting
   627 | D:3      | Reached skill level 1 in Evocations
   627 | D:3      | Reached XP level 4. HP: 36/41 MP: 5/5
   726 | D:4      | Noticed an ogre
   742 | D:4      | Killed an ogre
   742 | D:4      | Reached skill level 1 in Conjurations
   742 | D:4      | Reached skill level 1 in Hexes
   742 | D:4      | Reached skill level 1 in Charms
   742 | D:4      | Reached skill level 1 in Summonings
   742 | D:4      | Reached skill level 1 in Necromancy
   742 | D:4      | Reached skill level 1 in Translocations
   742 | D:4      | Reached skill level 1 in Transmutations
   742 | D:4      | Reached skill level 1 in Fire Magic
   742 | D:4      | Reached skill level 1 in Ice Magic
   742 | D:4      | Reached skill level 1 in Air Magic
   742 | D:4      | Reached skill level 1 in Earth Magic
   742 | D:4      | Reached skill level 1 in Poison Magic
   742 | D:4      | Reached XP level 5. HP: 12/47 MP: 5/7
   762 | D:4      | Got a fine spear
   763 | D:4      | Identified the +5 spear of Famine {pain, MR+ Int+3} (You found it on level 4 of the Dungeon)
   916 | D:5      | Entered Level 5 of the Dungeon
   938 | D:5      | Noticed a sky beast
   955 | D:5      | Killed a sky beast
   955 | D:5      | Reached skill level 2 in Invocations
   955 | D:5      | Reached XP level 6. HP: 28/53 MP: 8/8
   973 | D:4      | Found a shattered altar of Ashenzari.
  1006 | D:5      | Reached skill level 2 in Long Blades
  1006 | D:5      | Reached skill level 2 in Axes
  1006 | D:5      | Reached skill level 2 in Maces & Flails
  1006 | D:5      | Reached skill level 2 in Polearms
  1006 | D:5      | Reached skill level 2 in Staves
  1006 | D:5      | Reached skill level 2 in Slings
  1006 | D:5      | Reached skill level 2 in Bows
  1006 | D:5      | Reached skill level 2 in Crossbows
  1006 | D:5      | Reached skill level 2 in Throwing
  1006 | D:5      | Reached skill level 2 in Armour
  1006 | D:5      | Reached skill level 2 in Shields
  1006 | D:5      | Reached skill level 2 in Unarmed Combat
  1006 | D:5      | Reached skill level 2 in Spellcasting
  1006 | D:5      | Reached skill level 2 in Evocations
  1014 | D:5      | HP: 4/53 [bullfrog zombie (6)]
  1039 | D:4      | Found an opulent altar of Gozag.
  1054 | D:6      | Found a staircase to the Ecumenical Temple.
  1060 | Temple   | Entered the Ecumenical Temple
  1065 | Temple   | Became a worshipper of Cheibriados the Contemplative
  1065 | Temple   | Reached * piety under Cheibriados
  1065 | Temple   | Reached ** piety under Cheibriados
  1124 | D:5      | Reached XP level 7. HP: 27/59 MP: 10/10
  1178 | D:5      | Reached skill level 7 in Fighting
  1178 | D:5      | Reached skill level 7 in Short Blades
  1178 | D:5      | Reached skill level 7 in Dodging
  1178 | D:5      | Reached skill level 2 in Conjurations
  1178 | D:5      | Reached skill level 2 in Hexes
  1178 | D:5      | Reached skill level 2 in Charms
  1178 | D:5      | Reached skill level 2 in Summonings
  1178 | D:5      | Reached skill level 2 in Necromancy
  1178 | D:5      | Reached skill level 2 in Translocations
  1178 | D:5      | Reached skill level 2 in Transmutations
  1178 | D:5      | Reached skill level 2 in Fire Magic
  1178 | D:5      | Reached skill level 2 in Ice Magic
  1178 | D:5      | Reached skill level 2 in Air Magic
  1178 | D:5      | Reached skill level 2 in Earth Magic
  1178 | D:5      | Reached skill level 2 in Poison Magic
  1204 | D:5      | Found a basalt altar of Yredelemnul.
  1276 | D:5      | Reached skill level 5 in Stealth
  1283 | D:5      | Reached skill level 3 in Invocations
  1355 | D:6      | Gained mutation: Your mind is acute. (Int +2) [potion of mutation]
  1355 | D:6      | Gained mutation: Your muscles are strong. (Str +2) [potion of mutation]
  1356 | D:6      | Lost mutation: Your mind is acute. (Int +2) [potion of mutation]
  1356 | D:6      | Lost mutation: Your muscles are strong. (Str +2) [potion of mutation]
  1356 | D:6      | Gained mutation: You have a pair of small antennae on your head. [potion of mutation]
  1356 | D:6      | Gained mutation: Your system is resistant to poisons. (rPois) [potion of mutation]
  1369 | D:7      | Reached XP level 8. HP: 24/67 MP: 12/12
  1417 | D:6      | Reached skill level 3 in Long Blades
  1417 | D:6      | Reached skill level 3 in Axes
  1417 | D:6      | Reached skill level 3 in Maces & Flails
  1417 | D:6      | Reached skill level 3 in Polearms
  1417 | D:6      | Reached skill level 3 in Staves
  1417 | D:6      | Reached skill level 3 in Slings
  1417 | D:6      | Reached skill level 3 in Bows
  1417 | D:6      | Reached skill level 3 in Crossbows
  1417 | D:6      | Reached skill level 3 in Throwing
  1417 | D:6      | Reached skill level 3 in Armour
  1417 | D:6      | Reached skill level 3 in Shields
  1417 | D:6      | Reached skill level 3 in Unarmed Combat
  1417 | D:6      | Reached skill level 3 in Spellcasting
  1417 | D:6      | Reached skill level 3 in Evocations
  1510 | D:6      | Found a sand-covered staircase.
  1511 | D:6      | Reached *** piety under Cheibriados
  1531 | Ossuary  | Entered an ossuary
  1953 | D:7      | Reached skill level 3 in Conjurations
  1953 | D:7      | Reached skill level 3 in Hexes
  1953 | D:7      | Reached skill level 3 in Charms
  1953 | D:7      | Reached skill level 3 in Summonings
  1953 | D:7      | Reached skill level 3 in Necromancy
  1953 | D:7      | Reached skill level 3 in Translocations
  1953 | D:7      | Reached skill level 3 in Transmutations
  1953 | D:7      | Reached skill level 3 in Fire Magic
  1953 | D:7      | Reached skill level 3 in Ice Magic
  1953 | D:7      | Reached skill level 3 in Air Magic
  1953 | D:7      | Reached skill level 3 in Earth Magic
  1953 | D:7      | Reached skill level 3 in Poison Magic
  1953 | D:7      | Reached skill level 4 in Invocations
  1957 | D:7      | Reached XP level 9. HP: 55/72 MP: 14/14
  2067 | D:7      | Reached **** piety under Cheibriados
  2071 | D:7      | Reached skill level 4 in Long Blades
  2071 | D:7      | Reached skill level 4 in Axes
  2071 | D:7      | Reached skill level 4 in Maces & Flails
  2071 | D:7      | Reached skill level 4 in Polearms
  2071 | D:7      | Reached skill level 4 in Staves
  2071 | D:7      | Reached skill level 4 in Slings
  2071 | D:7      | Reached skill level 4 in Bows
  2071 | D:7      | Reached skill level 4 in Crossbows
  2071 | D:7      | Reached skill level 4 in Throwing
  2071 | D:7      | Reached skill level 4 in Armour
  2071 | D:7      | Reached skill level 4 in Shields
  2071 | D:7      | Reached skill level 4 in Unarmed Combat
  2071 | D:7      | Reached skill level 4 in Spellcasting
  2071 | D:7      | Reached skill level 4 in Evocations
  2211 | D:8      | Reached skill level 6 in Stealth
  2238 | D:9      | Noticed a two-headed ogre
  2314 | D:9      | Killed a two-headed ogre
  2314 | D:9      | Reached skill level 8 in Fighting
  2314 | D:9      | Reached skill level 8 in Short Blades
  2314 | D:9      | Reached skill level 8 in Dodging
  2314 | D:9      | Reached skill level 5 in Invocations
  2314 | D:9      | Reached XP level 10. HP: 80/80 MP: 15/17
  2348 | D:9      | Found an iron altar of Okawaru.
  2358 | D:9      | Reached skill level 4 in Conjurations
  2358 | D:9      | Reached skill level 4 in Hexes
  2358 | D:9      | Reached skill level 4 in Charms
  2358 | D:9      | Reached skill level 4 in Summonings
  2358 | D:9      | Reached skill level 4 in Necromancy
  2358 | D:9      | Reached skill level 4 in Translocations
  2358 | D:9      | Reached skill level 4 in Transmutations
  2358 | D:9      | Reached skill level 4 in Fire Magic
  2358 | D:9      | Reached skill level 4 in Ice Magic
  2358 | D:9      | Reached skill level 4 in Air Magic
  2358 | D:9      | Reached skill level 4 in Earth Magic
  2358 | D:9      | Reached skill level 4 in Poison Magic
  2428 | D:10     | Entered Level 10 of the Dungeon
  2450 | D:9      | Noticed a cyclops
  2457 | D:9      | Killed a cyclops
  2457 | D:9      | Reached skill level 5 in Long Blades
  2457 | D:9      | Reached skill level 5 in Axes
  2457 | D:9      | Reached skill level 5 in Maces & Flails
  2457 | D:9      | Reached skill level 5 in Polearms
  2457 | D:9      | Reached skill level 5 in Staves
  2457 | D:9      | Reached skill level 5 in Slings
  2457 | D:9      | Reached skill level 5 in Bows
  2457 | D:9      | Reached skill level 5 in Crossbows
  2457 | D:9      | Reached skill level 5 in Throwing
  2457 | D:9      | Reached skill level 5 in Armour
  2457 | D:9      | Reached skill level 5 in Shields
  2457 | D:9      | Reached skill level 5 in Unarmed Combat
  2457 | D:9      | Reached skill level 5 in Spellcasting
  2457 | D:9      | Reached skill level 5 in Evocations
  2498 | D:11     | Found an ornate altar of the Wu Jian Council.
  2498 | D:11     | Noticed a purple ugly thing
  2512 | D:10     | Killed a purple ugly thing
  2545 | D:10     | Reached ***** piety under Cheibriados
  2644 | D:10     | Found a staircase to the Lair.
  2821 | D:11     | Noticed a manticore
  2826 | D:11     | Found a labyrinth entrance.
  2829 | D:11     | Reached skill level 6 in Invocations
  2829 | D:11     | Reached skill level 7 in Stealth
  2843 | Lab      | Entered a labyrinth
  2968 | Lab      | Quit the game

Skill      XL: |  1  2  3  4  5  6  7  8  9 10 |
---------------+-------------------------------+-----
Invocations    | 1 2 3 4 5 6 |  6.0
Long Blades    | 1 2 3 4 5 |  5.5
Axes           | 1 2 3 4 5 |  5.5
Maces & Flails | 1 2 3 4 5 |  5.5
Polearms       | 1 2 3 4 5 |  5.5
Staves         | 1 2 3 4 5 |  5.5
Slings         | 1 2 3 4 5 |  5.5
Bows           | 1 2 3 4 5 |  5.5
Crossbows      | 1 2 3 4 5 |  5.5
Throwing       | 1 2 3 4 5 |  5.5
Armour         | 1 2 3 4 5 |  5.5
Shields        | 1 2 3 4 5 |  5.5
Unarmed Combat | 1 2 3 4 5 |  5.5
Spellcasting   | 1 2 3 4 5 |  5.5
Evocations     | 1 2 3 4 5 |  5.5
Conjurations   | 1 2 3 4 |  4.5
Hexes          | 1 2 3 4 |  4.5
Charms         | 1 2 3 4 |  4.5
Summonings     | 1 2 3 4 |  4.5
Necromancy     | 1 2 3 4 |  4.5
Translocations | 1 2 3 4 |  4.5
Transmutations | 1 2 3 4 |  4.5
Fire Magic     | 1 2 3 4 |  4.5
Ice Magic      | 1 2 3 4 |  4.5
Air Magic      | 1 2 3 4 |  4.5
Earth Magic    | 1 2 3 4 |  4.5
Poison Magic   | 1 2 3 4 |  4.5
Fighting       | 7 8 |  8.6
Short Blades   | 7 8 |  8.6
Dodging        | 7 8 |  8.6
Stealth        | 5 6 7 |  7.0

Action                   |  1- 3 |  4- 6 |  7- 9 | 10-12 || total
-------------------------+-------+-------+-------+-------++-------
Melee: Short sword       |   111 |    54 |    11 |     1 ||   177
       Bite              |    12 |    14 |    52 |    51 ||   129
       Punch             |     1 |       |    10 |     1 ||    12
       Spear             |       |    38 |    65 |       ||   103
       Unarmed           |       |    11 |       |       ||    11
       Scimitar          |       |       |   173 |    53 ||   226
       Dagger            |       |       |       |   138 ||   138
Throw: Stone             |       |     2 |    26 |     1 ||    29
Invok: Bend Time         |       |       |     2 |       ||     2
       Slouch            |       |       |     1 |     3 ||     4
Evoke: Wand              |       |       |     8 |     1 ||     9
  Use: Scroll            |     1 |     3 |     6 |     8 ||    18
       Potion            |       |     7 |     8 |     1 ||    16
 Stab: Sleeping          |     7 |     1 |     7 |     4 ||    19
  Eat: Chunk             |       |     1 |     2 |     1 ||     4
       Ration            |       |       |     1 |       ||     1
Armor: Robe              |     4 |     4 |       |       ||     8
       Ring mail         |       |    12 |    44 |    19 ||    75
       Skin              |       |     5 |       |       ||     5
       Leather armour    |       |     1 |       |       ||     1
Dodge: Dodged            |    64 |    53 |   164 |    96 ||   377
Block: Shield            |       |       |       |   100 ||   100
       Reflection        |       |       |       |     4 ||     4
       Rpst.: Scimitar   |       |       |    31 |    12 ||    43

Table legend:
 A = Turns spent in this place as a percentage of turns spent in the entire game.
 B = Non-inter-level travel turns spent in this place as a percentage of non-inter-level travel turns spent in the entire game.
 C = Inter-level travel turns spent in this place as a percentage of turns spent in this place.
 D = Turns resting spent in this place as a percentage of non-inter-level travel turns spent in this place.
 E = Turns spent auto-exploring this place as a percentage of non-inter-level travel turns spent in this place.
 F = Non-inter-level travel turns spent in this place divided by the number of levels of this place that you've seen.
                   A       B       C       D       E      F
               +-------+-------+-------+-------+-------+----------------------
         Total | 100.0 | 100.0 |   0.0 |   0.0 |   0.0 | 212.0
       Dungeon |  86.8 |  86.8 |   0.0 |   0.0 |   0.0 | 234.3
        Temple |   0.7 |   0.7 |   0.0 |   0.0 |   0.0 |  22.0
     Labyrinth |   4.2 |   4.2 |   0.0 |   0.0 |   0.0 | 125.0
       Ossuary |   8.2 |   8.2 |   0.0 |   0.0 |   0.0 | 244.0
               +-------+-------+-------+-------+-------+----------------------

Table legend:
 A = Kills in this place as a percentage of kills in entire the game.
 B = Kills by you in this place as a percentage of kills by you in the entire game.
 C = Kills by friends in this place as a percentage of kills by friends in the entire game.
 D = Other kills in this place as a percentage of other kills in the entire game.
 E = Experience gained in this place as a percentage of experience gained in the entire game.
 F = Experience gained in this place divided by the number of levels of this place that you have seen.
                   A       B       C       D       E      F
               +-------+-------+-------+-------+-------+----------------------
         Total | 100.0 | 100.0 |   N/A |   N/A | 100.0 | 595.3
       Dungeon |  86.3 |  86.3 |   N/A |   N/A |  94.2 | 713.9
       Ossuary |  13.7 |  13.7 |   N/A |   N/A |   5.8 | 481.0
               +-------+-------+-------+-------+-------+----------------------

Vault maps used:
D:1:      ncdulo_wetmaze
D:2:      nemelex_xobeh_ov_fountains_minmay, gammafunk_temple_overflow_wave,
          uniq_jessica
D:3:      first_ration
D:4:      ashenzari_altar_1, lemuel_tele_altar
D:5:      yredelemnul_forgotten_temple_becter
D:6:      lightli_temple_of_fire, minmay_temple_entry_enclosed_plants,
          serial_shops, shop_fountains, nicolae_ossuary_entry_monument,
          serial_curves, eino_curves_04, eino_curves_03, eino_curves_04
D:8:      lemuel_flame_loot_1
D:9:      lemuel_round_altar
D:10:     erik_lair_island
D:11:     portal_ice_cave_entry_ice_beasts, basic_altar, lab_entry_generic,
          serial_shops, shop
Temple:   minmay_freezing_vapour_temple
Lab:      nicolae_lab_garden, lab_hedge, nicolae_lab_swirl
Ossuary:  ossuary_zaba_flooded
